 Dungeon Crawl Stone Soup version 0.30-a0-439-g9e77e4d916 (webtiles) character file.

Game seed: 17853462226987621414

4 NinjaNoafa the Vexing (level 1, 0/15 HPs)
             Began as a Human Hexslinger on Dec 10, 2022.
             Slain by a quokka (3 damage)
             ... on level 1 of the Dungeon on Dec 11, 2022.
             The game lasted 00:03:16 (196 turns).

NinjaNoafa the Vexing (Human Hexslinger)             Turns: 196, Time: 00:03:17

Health: 0/15       AC:  2    Str: 10    XL:     1   Next: 66%
Magic:  0/2        EV: 12    Int: 13    God:
Gold:   10         SH:  0    Dex: 13    Spells: 1/2 levels left

rFire   . . .      SeeInvis .    a - +1 sling
rCold   . . .      Faith    .    (no shield)
rNeg    . . .      Spirit   .    c - +0 robe
rPois   .          Reflect  .    (no helmet)
rElec   .          Harm     .    (no cloak)
rCorr   .          Rampage  .    (no gloves)
Will    .....                    (no boots)
Stlth   +.........               (no amulet)
HPRegen 0.22/turn                (no ring)
MPRegen 0.08/turn                (no ring)

@: no status effects
A: no striking features
a: no special abilities


You were on level 1 of the Dungeon.
You visited 1 branch of the dungeon, and saw 1 of its levels.

You collected 10 gold pieces.

Inventory:

Hand Weapons
 a - a +1 sling (weapon)
Missiles
 d - 18 stones
Armour
 c - a +0 robe (worn)
 e - a +0 pair of gloves
Scrolls
 b - a scroll of poison


   Skills:
 - Level 1.0 Fighting
 + Level 2.1 Ranged Weapons
 - Level 2.0 Dodging
 + Level 1.2 Spellcasting
 + Level 3.1 Hexes


You had one spell level left.
You knew the following spells:

 Your Spells              Type           Power      Damage    Failure   Level
a - Slow                  Hex            32%        N/A       8%          1

Your spell library contained the following spells:

 Spells                   Type           Power      Damage    Failure   Level
 Inner Flame              Hex/Fire       4%         N/A       41%         3
 Portal Projectile        Hex/Tloc       8%         N/A       41%         3
 Cause Fear               Hex            4%         N/A       61%         4


Dungeon Overview and Level Annotations

Branches:
Dungeon (1/15)

Altars:


Message History

You shoot a sling bullet.
The sling bullet closely misses the quokka.
The quokka bites you. The quokka closely misses you.
Casting: Slow (safe; 8% risk of failure)
Confirm with . or Enter, or press ? or * to list all spells.
Aiming: Slow (safe; 8% risk of failure)
Press: ? - help, Shift-Dir - straight line, f/p - quokka
Aim: a quokka (moderately wounded, chance to affect: 59%)
The quokka seems to slow down.
The quokka barely misses you.
You see here a frilled lizard corpse.
You shoot a sling bullet.
The sling bullet barely misses the quokka.
You shoot a sling bullet. The sling bullet misses the quokka.
The quokka is no longer moving slowly.
The quokka barely misses you. The quokka attacks as you move away!
The quokka misses you. The quokka bites you.
The quokka attacks as you move away! The quokka bites you.
The quokka attacks as you move away! The quokka closely misses you.
Casting: Slow (safe; 8% risk of failure)
Confirm with . or Enter, or press ? or * to list all spells.
Aiming: Slow (safe; 8% risk of failure)
Press: ? - help, Shift-Dir - straight line, f/p - quokka
Aim: a quokka (lightly wounded, chance to affect: 59%)
The quokka resists with significant effort.
The quokka bites you. The quokka bites you.
Casting: Slow (safe; 8% risk of failure)
Confirm with . or Enter, or press ? or * to list all spells.
Aiming: Slow (safe; 8% risk of failure)
Press: ? - help, Shift-Dir - straight line, f/p - quokka
Aim: a quokka (lightly wounded, chance to affect: 59%)
The quokka resists with significant effort.
The quokka bites you.
* * * LOW HITPOINT WARNING * * *
You aren't carrying any potions.
Okay, then.
The quokka attacks as you move away! The quokka barely misses you.
Found 6 atropa-tipped darts.
The quokka bites you.
You die...

#....#.##....#
#..>.......#
#..#....#....#
##..########
#..#....#....# ##.##
##......#....# ##..#
#.>###......###..##
#.....##........###
#.....##..............#
#.....####r..)........#
#.....# #.@..........#
#.....# #............#
#.....# #...†........#
#.....# #............#
#.....# #............#
#....(.... #.........
##########


You could see a quokka.

Vanquished Creatures
  A bat (D:1)
  A hobgoblin (D:1)
  A ball python (D:1)
  A frilled lizard (D:1)
4 creatures vanquished.

Notes
Turn   | Place    | Note
-------+----------+-------------------------------------------
     0 | D:1      | NinjaNoafa the Human Hexslinger began the quest for the
                  | Orb.
     0 | D:1      | Reached XP level 1. HP: 15/15 MP: 2/2
   196 | D:1      | Slain by a quokka

Illustrated notes

Levels and vault maps discovered:
D:1:      evilmike_arrival_fibonacci_small, layout_basic

Action                   || total
-------------------------++-------
 Fire: Sling             ||    11
 Cast: Slow              ||     7
Armor: Robe              ||     2
Dodge: Dodged            ||    14

Table legend: (Time is in decaauts)
 A = Elapsed time spent in this place.
 B = Non-inter-level travel time spent in this place.
 C = Inter-level travel time spent in this place.
 D = Time resting spent in this place.
 E = Time spent auto-exploring this place.
 F = Levels seen in this place.
 G = Mean time per level.
                   A        B        C        D        E       F      G
               +--------+--------+--------+--------+--------+-----+--------+
         Total |    199 |    199 |      0 |      0 |    122 |   1 |  199.0 |
       Dungeon |    199 |    199 |      0 |      0 |    122 |   1 |  199.0 |
               +--------+--------+--------+--------+--------+-----+--------+

Top non-repeatable levels by time:
     D:1: 199 daAuts
